 Dungeon Crawl Stone Soup version 0.23.2-1-ga50397a (webtiles) character file.

Game seed: 1516892500886244102

12001 MalarOregon the Spear-Bearer (level 11, 0/88 (89) HPs)
             Began as a Merfolk Gladiator on May 25, 2019.
             Slain by a seven-headed hydra (9 damage)
             ... on level 1 of the Lair of Beasts.
             The game lasted 00:27:02 (13027 turns).

MalarOregon the Spear-Bearer (Merfolk Gladiator)   Turns: 13027, Time: 00:27:03

HP:   0/88 (89)     AC:  5    Str: 18    XL:     11   Next: 86%
MP:   22/22         EV: 20    Int: 11    God:
Gold: 112           SH:  0    Dex: 15    Spells: 24/25 levels left

rFire    . . .     SeeInvis .   a - +1 trident (drain)
rCold    . . .     Gourm    .   (no shield)
rNeg     + . .     Faith    .   y - +1 robe {rN+}
rPois    .         Spirit   .   j - +1 hat of Elyvilon's Approval {rElec Slay+5}
rElec    +         Reflect  .   (no cloak)
rCorr    .         Harm     .   B - +0 pair of gloves
MR       .....                  (no boots)
Stlth    +++++.....             t - amulet of regeneration
HPRegen  0.64/turn              v - +3 ring of strength
MPRegen  0.18/turn              s - ring of stealth

@: no status effects
A: change form in water, swift swim, stealthy swim
a: no special abilities


You were on level 1 of the Lair of Beasts.
You were not hungry.

You visited 3 branches of the dungeon, and saw 14 of its levels.

You collected 334 gold pieces.
You spent 222 gold pieces at shops.

Inventory:

Hand Weapons
 a - a +1 trident of draining (weapon)
Armour
 j - the +1 hat of Elyvilon's Approval (worn) {rElec Slay+5}
   (You found it on level 9 of the Dungeon)

   It affects your accuracy and damage with ranged weapons and melee attacks
   (+5).
   It insulates you from electricity.
 y - a +1 robe of positive energy (worn)
   (You bought it in a shop on level 9 of the Dungeon)
 B - a +0 pair of gloves (worn)
   (You found it on level 9 of the Dungeon)
Jewellery
 l - an uncursed ring of protection from magic
   (You found it on level 2 of the Dungeon)
 p - an uncursed ring of protection from magic
   (You found it on level 3 of the Dungeon)
 s - a ring of stealth (right hand)
   (You found it on level 2 of the Dungeon)
 t - an amulet of regeneration (around neck)
   (You found it on level 2 of the Dungeon)
 v - a +3 ring of strength (left hand)
   (You bought it in a shop on level 5 of the Dungeon)
 A - a cursed amulet of inaccuracy {unknown}
   (You found it on level 9 of the Dungeon)
Wands
 d - a wand of iceblast (6)
   (You took it off an orc warrior on level 11 of the Dungeon)
 x - a wand of acid (6)
   (You took it off Psyche on level 10 of the Dungeon)
Scrolls
 b - a scroll of enchant armour
 c - a scroll of blinking
 f - a scroll of identify {@r1}
 o - 2 scrolls of fog
 u - a scroll of fear
 w - a scroll of immolation {!r}
 C - 4 scrolls of remove curse {@r2}
Potions
 g - 3 potions of curing {@q1}
 h - 2 potions of brilliance
 i - 3 potions of flight {unknown}
 k - a potion of haste {unknown}
 m - 5 potions of ambrosia
 n - a potion of resistance {unknown}
 q - a potion of agility {unknown}
 r - 2 potions of heal wounds {@q2}
 z - a potion of invisibility
Comestibles
 e - 19 rations {!d}
 D - 3 chunks of flesh


   Skills:
 + Level 9.3 Fighting
 + Level 12.3 Polearms
 - Level 2.0 Throwing
 + Level 11.5 Dodging
 + Level 9.9 Stealth
 + Level 7.6 Spellcasting


You had 24 spell levels left.
You knew the following spells:

 Your Spells              Type           Power        Failure   Level  Hunger
a - Confusing Touch       Hex            #.....       17%         1    None

Your spell library contained the following spells:

 Spells                   Type           Power        Failure   Level  Hunger
 Animate Skeleton         Necr           N/A          17%         1    None
 Apportation              Tloc           #.....       17%         1    None
 Summon Small Mammal      Summ           #...         17%         1    None


Dungeon Overview and Level Annotations

Branches:
Dungeon (12/15)              Lair (1/6) D:8             Orc (1/2) D:11
 Temple: D:4-7

Altars:
Fedhas

Shops:
D:4 =   D:5 *   D:9 *

Annotations:
D:11 exclusion: ugly thing
D:12 exclusions: cyclops and wizard, Fannar


Message History

You hit the yak.
You hear a roar!
Attack whom?
Aim: a yak (lightly wounded)
You reach to attack!
You puncture the yak! You drain the yak.
The yak bellows!
You puncture the yak! You drain the yak.
You kill the yak!
Aim: a seven-headed hydra The bolt of acid hits the seven-headed hydra!
The seven-headed hydra is splashed with acid.
The acid corrodes the seven-headed hydra!
You puncture the seven-headed hydra! You drain the seven-headed hydra.
The seven-headed hydra bites you!
The seven-headed hydra completely misses you.
The seven-headed hydra bites you.
The seven-headed hydra closely misses you.
The seven-headed hydra bites you! The seven-headed hydra misses you. x2
You hit the seven-headed hydra. You drain the seven-headed hydra.
The seven-headed hydra misses you.
The seven-headed hydra barely misses you.
The seven-headed hydra bites you! The seven-headed hydra bites you.
* * * LOW HITPOINT WARNING * * *
The seven-headed hydra bites you!
* * * LOW HITPOINT WARNING * * *
The seven-headed hydra misses you.
The seven-headed hydra closely misses you.
You hit the seven-headed hydra. You drain the seven-headed hydra.
You barely miss the seven-headed hydra.
The seven-headed hydra completely misses you.
The seven-headed hydra bites you.
* * * LOW HITPOINT WARNING * * *
The seven-headed hydra bites you.
* * * LOW HITPOINT WARNING * * *
The seven-headed hydra barely misses you.
The seven-headed hydra misses you. x2; The seven-headed hydra bites you!
* * * LOW HITPOINT WARNING * * *
You barely miss the seven-headed hydra. The seven-headed hydra bites you.
* * * LOW HITPOINT WARNING * * *
The seven-headed hydra completely misses you.
The seven-headed hydra barely misses you.
The seven-headed hydra completely misses you.
The seven-headed hydra closely misses you. x2
The seven-headed hydra bites you but does no damage.
Aim: a seven-headed hydra (severely wounded, covered in acid, lightly drained)
The bolt of acid hits the seven-headed hydra!
The seven-headed hydra is splashed with acid.
The seven-headed hydra barely misses you.
The seven-headed hydra bites you!
You die...

#....#...... .......
###+÷#...... .......
###......#.... .......
#....8...##..# .......
##!.........#.# .......
##..8..>..8...##
.......##...!.........#
.....YD#.......8.......#
#@..........#.....
##$.8..#........8..
#......#..8...#....
#......##.....#.....
#...†..##.....##....
...##...###.....# #+.+
........# #.......
.......... ##.#.##.
..........


You could see a seven-headed hydra and a yak.

Vanquished Creatures
  A hydra (D:11)
  A two-headed ogre (D:9)
  A black mamba (Lair:1)
  Psyche (D:10)
  A centaur skeleton (D:11)
  A gargoyle (D:8)
  A spiny frog (Lair:1)
  3 trolls
  A hornet (D:10)
  5 hippogriffs
  A spriggan (D:10)
  8 yaks
  A wyvern (D:8)
  A vampire mosquito (D:12)
  4 porcupines
  A water moccasin (D:9)
  5 orc warriors
  A black bear (D:8)
  An ice beast (D:7)
  A phantom (D:4)
  3 sky beasts
  5 necrophages
  5 ogres
  4 centaurs
  A crocodile (Lair:1)
  6 bullfrogs
  A wyvern skeleton (D:7)
  10 killer bees
  4 scorpions
  3 howler monkeys
  5 crimson imps
  A bullfrog zombie (D:11)
  A quasit (D:9)
  7 hounds
  4 jellies
  8 orc priests
  3 bullfrog skeletons
  A gnoll shaman (D:4)
  15 orc wizards
  4 iguanas
  4 worker ants
  A hound zombie (D:9)
  A hound skeleton (D:10)
  A howler monkey zombie (D:9)
  A worker ant zombie (D:11)
  4 gnolls (D:4)
  11 adders
  4 shadow imps
  2 oozes
  An adder zombie (D:5)
  A worm (D:4)
  3 dart slugs
  10 leopard geckos
  45 orcs
  6 giant cockroaches
  10 goblins
  7 hobgoblins
  9 jackals
  4 kobolds
  3 quokkas
  4 bats (D:1)
  7 frilled lizards
  A jackal skeleton (D:3)
  2 quokka zombies
  5 rats
  A bush (D:9)
  A plant (D:4)
280 creatures vanquished.

Vanquished Creatures (others)
  8 fungi (D:8)
  9 plants
17 creatures vanquished.

Grand Total: 297 creatures vanquished

Notes
Turn   | Place    | Note
-------+----------+-------------------------------------------
     0 | D:1      | MalarOregon the Merfolk Gladiator began the quest for the
                  | Orb.
     0 | D:1      | Reached XP level 1. HP: 16/16 MP: 1/1
   152 | D:1      | Reached XP level 2. HP: 22/23 MP: 2/2
   301 | D:1      | Reached skill level 1 in Stealth
   691 | D:2      | Reached XP level 3. HP: 28/28 MP: 4/4
   859 | D:2      | Reached skill level 1 in Spellcasting
   880 | D:2      | Reached skill level 5 in Polearms
   912 | D:2      | Reached XP level 4. HP: 7/34 MP: 5/5
  1860 | D:3      | You fall through a shaft for 3 floors!
  1865 | D:6      | Noticed a centaur
  1868 | D:5      | Entered Level 5 of the Dungeon
  1891 | D:5      | Reached XP level 5. HP: 26/41 MP: 7/7
  1927 | D:5      | Reached skill level 5 in Dodging
  2048 | D:4      | Noticed a sky beast
  2078 | D:4      | Killed a sky beast
  2078 | D:4      | Reached XP level 6. HP: 8/48 MP: 7/9
  2169 | D:4      | Reached skill level 6 in Polearms
  2403 | D:4      | Found Oduof's Jewellery Emporium.
  2461 | D:4      | Noticed a phantom
  2515 | D:4      | Killed a phantom
  2515 | D:4      | Reached XP level 7. HP: 44/54 MP: 10/10
  3813 | D:5      | Reached skill level 7 in Polearms
  3813 | D:5      | Reached XP level 8. HP: 61/61 MP: 12/12
  3900 | D:5      | Found Dosol's Assorted Antiques.
  3908 | D:5      | Bought a shiny moonstone ring for 130 gold pieces
  4256 | D:6      | Reached skill level 5 in Fighting
  4276 | D:5      | Reached skill level 5 in Stealth
  4488 | D:6      | Reached skill level 8 in Polearms
  4827 | D:7      | Reached XP level 9. HP: 50/69 MP: 15/15
  5129 | D:7      | Noticed a gargoyle
  5274 | D:8      | Killed a gargoyle
  5307 | D:7      | Reached skill level 9 in Polearms
  5488 | D:7      | Reached skill level 5 in Spellcasting
  5511 | D:7      | Noticed a gargoyle
  5512 | D:7      | Noticed a gargoyle
  5514 | D:7      | Noticed a gargoyle
  5606 | D:8      | Found a staircase to the Lair.
  5720 | D:8      | Reached XP level 10. HP: 42/79 MP: 18/18
  5912 | D:8      | Reached skill level 10 in Polearms
  6270 | D:8      | Learned a level 1 spell: Confusing Touch
  6785 | D:9      | Found Xuta Zud's Assorted Antiques.
  7021 | D:9      | Bought a runed robe for 92 gold pieces
  7518 | D:9      | Got a steaming hat
  7626 | D:9      | Identified the +1 hat of Elyvilon's Approval {rElec Slay+5}
                  | (You found it on level 9 of the Dungeon)
  7767 | D:9      | Found a blossoming altar of Fedhas.
  7825 | D:9      | Noticed a two-headed ogre
  7837 | D:9      | Killed a two-headed ogre
  7837 | D:9      | Reached skill level 10 in Dodging
  8154 | D:9      | Reached skill level 11 in Polearms
  8248 | D:10     | Entered Level 10 of the Dungeon
  8343 | D:10     | Reached XP level 11. HP: 85/85 MP: 20/20
  8463 | D:10     | Paralysed by a hornet for 2 turns
  8467 | D:10     | Paralysed by a hornet for 2 turns
  8882 | D:10     | Noticed Psyche
  8889 | D:10     | Killed Psyche
  9230 | D:11     | Noticed a cyan ugly thing
  9392 | D:11     | Noticed a seven-headed hydra
  9401 | D:11     | Killed a seven-headed hydra
 10050 | D:11     | Found a staircase to the Orcish Mines.
 10401 | Orc:1    | Entered Level 1 of the Orcish Mines
 11038 | D:11     | Found a staircase to the Orcish Mines.
 11812 | D:11     | Found a staircase to the Orcish Mines.
 12045 | D:12     | Noticed a wizard
 12050 | D:12     | Noticed a cyclops
 12080 | D:12     | Noticed Fannar
 12191 | D:12     | Reached skill level 12 in Polearms
 12710 | Lair:1   | Entered Level 1 of the Lair of Beasts
 12996 | Lair:1   | Noticed a seven-headed hydra
 13027 | Lair:1   | Slain by a seven-headed hydra

Skill      XL: |  1  2  3  4  5  6  7  8  9 10 11 |
---------------+----------------------------------+-----
Stealth        | 1 2 3 4 5 7 8 9 |  9.9
Spellcasting   | 1 2 3 4 5 6 7 |  7.6
Polearms       | 5 6 7 8 9 11 12 | 12.3
Fighting       | 3 4 5 7 8 9 |  9.3
Dodging        | 5 6 7 9 10 11 | 11.5
Throwing       | |  2.0

Action                   |  1- 3 |  4- 6 |  7- 9 | 10-12 || total
-------------------------+-------+-------+-------+-------++-------
Melee: Trident           |   115 |   230 |   516 |   634 ||  1495
       Tailslap          |       |       |     5 |       ||     5
Throw: Throwing net      |       |       |     4 |       ||     4
 Cast: Confusing Touch   |       |       |       |     1 ||     1
Evoke: Wand              |       |       |       |     2 ||     2
  Use: Scroll            |       |     8 |     6 |     4 ||    18
       Potion            |       |     4 |     1 |     1 ||     6
 Stab: Sleeping          |     5 |     5 |    17 |     8 ||    35
       Distracted        |       |     1 |       |     2 ||     3
       Held in net/web   |       |       |     4 |       ||     4
       Confused          |       |       |       |     2 ||     2
  Eat: Chunk             |       |     6 |    11 |    20 ||    37
       Ration            |       |       |       |     1 ||     1
Armor: Leather armour    |    18 |    42 |    90 |    25 ||   175
       Robe              |       |       |       |    25 ||    25
Dodge: Dodged            |    70 |   122 |   347 |   404 ||   943
